 Dungeon Crawl Stone Soup version 0.31-a0-83-gbff143cfd1 (webtiles) character file.

Game seed: 8142442610380140985

2 Esekla the Sneak (level 1, -22/16 HPs)
             Began as an Octopode Delver on May 24, 2023.
             Annihilated by an ogre
             ... wielding a +0 giant club
              (37 damage)
             ... on level 5 of the Dungeon.
             The game lasted 00:00:33 (47 turns).

Esekla the Sneak (Octopode Delver)                    Turns: 47, Time: 00:00:34

Health: -22/16     AC:  1    Str: 11    XL:     1   Next: 30%
Magic:  1/1        EV: 13    Int: 12    God:
Gold:   10         SH:  0    Dex: 13    Spells: 0/0 levels left

rFire   . . .        a - +0 falchion
rCold   . . .        (no shield)
rNeg    . . .        (helmet restricted)
rPois   .            (no amulet)
rElec   .            (no ring)
rCorr   .            (no ring)
SInv    .            (no ring)
Will    .....        (no ring)
Stlth   ++++         (no ring)
HPRegen 0.22/turn    (no ring)
MPRegen 0.07/turn    (no ring)
                     (no ring)

%: no passive effects
@: no status effects
A: almost no armour, amphibious, 8 rings, camouflage 1, gelatinous body 1,
(nimble swimmer 1), tentacles
a: no special abilities


You were on level 5 of the Dungeon.
You visited 1 branch of the dungeon, and saw 1 of its levels.

You collected 10 gold pieces.

Inventory:

Hand Weapons
 a - a +0 falchion (weapon)
 d - a +0 dagger
Wands
 f - a wand of digging (3)
 i - a wand of charming (4)
Scrolls
 b - a scroll of fog
 c - a scroll of magic mapping
Potions
 e - a potion of haste
 g - a potion of curing {unknown}
 h - a potion of invisibility {unknown}
 j - a potion of enlightenment {unknown}


   Skills:
 * Level 3.0 Fighting
 * Level 2.0 Long Blades
 * Level 2.0 Dodging
 + Level 6.6 Stealth


You couldn't memorise any spells.
You didn't know any spells.
Your spell library was empty.

Dungeon Overview and Level Annotations

Branches:
Dungeon (5/15)
 Temple: D:4-7

Altars:
Nemelex Xobeh


Innate Abilities, Weirdness & Mutations

You cannot wear most types of armour.
You are amphibious.
You can wear up to eight rings at the same time.
Your skin changes colour to match your surroundings (Stealth+).
Your rubbery body absorbs attacks. (AC +1, EV +1)
((You are camouflaged when in or above water. (Stealth+)))
You have tentacles for arms and can constrict up to eight enemies at once.


Message History

Found a stone staircase leading up.
g - a viscous dark potion You see here a +0 falchion.
h - a pink potion
i - a wand of charming (4)
An orc comes into view. It is wielding a +0 dagger.
There is a fountain of sparkling water here.
There is a sparkling altar of Nemelex Xobeh here.
There is a fountain of sparkling water here.
An ogre comes into view. It is wielding a +0 giant club.
Found 10 gold pieces.
The orc shouts!
The orc closely misses you. The orc attacks as you move away!
The orc barely misses you.
You barely miss the orc. You grab the orc. You constrict the orc.
The orc closely misses you.
You hit the orc.
The orc is severely wounded.
You constrict the orc. The orc hits you with a +0 dagger.
You hit the orc.
You kill the orc!
As you read the scroll of fear, it crumbles to dust.
You assume a fearsome visage.
The ogre looks frightened!
You see here a +0 dagger.
d - a +0 dagger
Found a stone staircase leading up.
Found 2 scrolls labelled EGISISKYTIRPH.
Found a glaive.
There is an escape hatch in the floor here.
The ogre yells at you, "GO AWAY!"
You see here a purple potion.
The ogre seems to regain its courage.
You see here 10 gold pieces.
You now have 10 gold pieces.
You see here a purple potion.
Okay, then.
j - a purple potion The ogre hits you with a +0 giant club!!!
Ouch! That really hurt!
You die...

...#...>.........
########.#..)...###....
##?....##............##.
##.......[.......⌠.⌠.##
# #......<.........._..#
#................⌠.⌠##
#..................##
#......O.........###
#.......@>.......#
#.)..............#
##..............##
##..<..#......##
#######.#..### #.##..#
#....... #####.##


You could see an ogre.

Vanquished Creatures
  An orc (D:5)
1 creature vanquished.

Notes
Turn   | Place    | Note
-------+----------+-------------------------------------------
     0 | D:5      | Esekla the Octopode Delver began the quest for the Orb.
     0 | D:5      | Reached XP level 1. HP: 16/16 MP: 1/1
    27 | D:5      | Noticed an ogre
    47 | D:5      | Annihilated by an ogre

Illustrated notes

Levels and vault maps discovered:
D:5:      layout_rooms, nemelex_xobeh_ov_fountains_minmay,
          mainiacjoe_overflow_small_starburst, minmay_temple_entry_offerings

Action                     || total
---------------------------++-------
  Melee: Falchion          ||     3
         Constrict         ||     1
    Use: Scroll            ||     1
  Dodge: Dodged            ||     3

Table legend: (Time is in decaauts)
 A = Elapsed time spent in this place.
 B = Non-inter-level travel time spent in this place.
 C = Inter-level travel time spent in this place.
 D = Time resting spent in this place.
 E = Time spent auto-exploring this place.
 F = Levels seen in this place.
 G = Mean time per level.
                   A        B        C        D        E       F      G
               +--------+--------+--------+--------+--------+-----+--------+
         Total |     47 |     47 |      0 |      0 |      0 |   1 |   47.0 |
       Dungeon |     47 |     47 |      0 |      0 |      0 |   1 |   47.0 |
               +--------+--------+--------+--------+--------+-----+--------+

Top non-repeatable levels by time:
     D:5: 47 daAuts
